 Dungeon Crawl Stone Soup version 0.22.0-38-g04b72b8 (webtiles) character file.

68 Inarius the Slasher (level 4, 34/34 HPs)
             Began as a Demonspawn Gladiator on Aug 30, 2018.
             Got out of the dungeon alive.
             The game lasted 00:02:18 (1396 turns).

Inarius the Slasher (Demonspawn Gladiator)          Turns: 1396, Time: 00:02:18

Health: 34/34      AC:  7    Str: 15    XL:     4   Next: 1%
Magic:  4/4        EV: 12    Int:  9    God:
Gold:   88         SH:  0    Dex: 15    Spells: 3/3 levels left

rFire    . . .     SeeInvis .   (no weapon)
rCold    . . .     Gourm    .   (no shield)
rNeg     . . .     Faith    .   l - +0 ring mail
rPois    .         Spirit   .   c - +0 helmet
rElec    .         Reflect  .   (no cloak)
rCorr    .         Harm     .   (no gloves)
MR       .....                  i - +0 pair of boots
Stlth    +.........             (no amulet)
HPRegen  0.11/turn              n - ring of wizardry
MPRegen  0.09/turn              (no ring)

@: no status effects
A: claws 1, hooves 1
a: no special abilities


You escaped.
You were not hungry.

You visited 1 branch of the dungeon, and saw 2 of its levels.

You collected 88 gold pieces.

Inventory:

Missiles
 d - 3 throwing nets (quivered)
Armour
 c - a +0 helmet (worn)
 i - a +0 pair of boots (worn)
 l - a +0 ring mail (worn)
Jewellery
 n - a ring of wizardry (left claw)
Scrolls
 b - 2 scrolls of enchant weapon {unknown}
 e - a scroll of identify {unknown}
 h - 2 scrolls of amnesia {unknown}
 j - a scroll of remove curse {unknown}
 k - a scroll of immolation {unknown}
 p - a scroll of teleportation {unknown}
Potions
 m - a potion of magic {unknown}
 o - 2 potions of curing {unknown}
Comestibles
 f - 4 rations
 g - 6 chunks of flesh


   Skills:
 * Level 2.4 Fighting
   Level 3.7 Long Blades
 - Level 1.7 Throwing
 + Level 0.7 Armour
 + Level 3.1 Dodging


You had 3 spell levels left.
You didn't know any spells.
Your spell library was empty.

Dungeon Overview and Level Annotations

Branches:
Dungeon (2/15)

Altars:


Innate Abilities, Weirdness & Mutations

You have sharp fingernails.
You have large cloven feet.


Message History

You butcher the goblin corpse.
g - 7 chunks of flesh (gained 1)
Things that are here:
an uncursed hunting sling; 20 stones; a goblin skeleton Drop what? 16/52 slots (_ for help) (? for menu, Esc to quit)
You are now empty-clawed.
You drop a +0 long sword.
Items here: ( )) รท a +0 long sword; an uncursed hunting sling; 20 stones; a goblin skeleton
(D) Dungeon
Where to? (Enter - D:2, ? - help) Eating one of 7 chunks of flesh.
You eat one of the 7 chunks of flesh.
This raw flesh tastes terrible.
There is a stone staircase leading up here.
You climb upwards.
There is a stone staircase leading down here.
You see here a club.
There is an open door here.
There is a staircase leading out of the dungeon here.
Are you sure you want to leave the Dungeon?
This will make you lose the game!
You have escaped!

##### ###.....
####....###
###########.....###
#.......##..##..#
#..........###.##
#..######### #.#
#..#.....#####.##
#..#.....#......#####
#..#@.8..'.......(...
#..#.....##.#########
#..#.....#..#
#..########## ####
##..#
##..#############
#..........).....
#################


There were no monsters in sight!

Vanquished Creatures
  3 adders (D:2)
  A dart slug (D:1)
  A leopard gecko (D:2)
  3 giant cockroaches
  3 goblins
  5 hobgoblins
  4 jackals (D:1)
  A quokka (D:2)
  6 bats
  3 frilled lizards
  A kobold (D:2)
  4 rats
35 creatures vanquished.

Notes
Turn   | Place    | Note
-------+----------+-------------------------------------------
     0 | D:1      | Inarius the Demonspawn Gladiator began the quest for the Orb.
     0 | D:1      | Reached XP level 1. HP: 16/16 MP: 1/1
   246 | D:1      | Gained mutation: You have large cloven feet. [demonic ancestry]
   246 | D:1      | Reached XP level 2. HP: 21/22 MP: 2/2
   842 | D:2      | Reached XP level 3. HP: 27/27 MP: 3/3
  1331 | D:2      | Gained mutation: You have sharp fingernails. [demonic ancestry]
  1331 | D:2      | Reached XP level 4. HP: 34/34 MP: 4/4
  1396 | D:$      | Got out of the dungeon alive.

Skill      XL: |  1  2  3 |
---------------+----------+-----
Long Blades    | 3 |  3.7
Dodging        | 3 |  3.1
Fighting       | |  2.4
Throwing       | |  1.7
Armour         | |  0.7

Action                   |  1- 3 |  4- 6 || total
-------------------------+-------+-------++-------
Melee: Long sword        |    89 |       ||    89
  Eat: Chunk             |     1 |     1 ||     2
Armor: Leather armour    |     9 |       ||     9
       Ring mail         |    38 |       ||    38
Dodge: Dodged            |    81 |       ||    81
       Rpst.: Long sword |    27 |       ||    27
